 Dungeon Crawl Stone Soup version 0.29.0-13-gc9e81de378 (webtiles) character file.

Game seed: 8862305525160329089

121 SnakkuSnakku7 the Caller (level 5, -2/45 HPs)
             Began as a Ghoul Summoner on Sept 8, 2022.
             Slain by a gnoll
             ... wielding a +0 halberd
              (6 damage)
             ... on level 4 of the Dungeon.
             The game lasted 00:03:56 (2593 turns).

SnakkuSnakku7 the Caller (Ghoul Summoner)           Turns: 2593, Time: 00:03:56

Health: -2/45      AC: 11    Str: 14    XL:     5   Next: 5%
Magic:  6/6        EV:  6    Int: 16    God:
Gold:   235        SH:  0    Dex:  9    Spells: 6/7 levels left

rFire   . . .      SeeInvis .   a - +1 whip (elec)
rCold   + . .      Faith    .   (no shield)
rNeg    + + +      Spirit   .   t - +2 chain mail {rPois}
rPois   ∞          Reflect  .   i - +0 helmet
rElec   .          Harm     .   (no cloak)
rCorr   .          Rampage  .   (no gloves)
Will    .....                   (no boots)
Stlth   ..........              f - amulet of magic regeneration
HPRegen 0.00/turn               s - +6 ring of intelligence
MPRegen 0.50/turn               (no ring)

@: inhibited regen
A: claws 1, cold resistance 1, negative energy resistance 3, inhibited
regeneration, torment resistance 2, devour on kill
a: no special abilities


You were on level 4 of the Dungeon.
You visited 1 branch of the dungeon, and saw 4 of its levels.

You collected 235 gold pieces.

Inventory:

Hand Weapons
 a - a +1 whip of electrocution (weapon)
Missiles
 k - 4 poisoned darts (quivered)
Armour
 d - a +0 chain mail
 e - a +0 robe
 i - a +0 helmet (worn)
 t - a +2 chain mail of poison resistance (worn)
Jewellery
 f - an amulet of magic regeneration (around neck)
 s - a +6 ring of intelligence (left claw)
Scrolls
 g - 3 scrolls of identify {unknown}
 h - 3 scrolls of teleportation {unknown}
 l - a scroll of brand weapon {unknown}
 q - a scroll of enchant armour {unknown}
 r - a scroll of amnesia {unknown}
Potions
 b - 2 potions of magic
 c - a potion of curing {unknown}
 j - a potion of resistance {unknown}
 m - 2 potions of haste {unknown}
 n - 2 potions of mutation {unknown}
 o - a potion of might {unknown}
 p - 2 potions of heal wounds {unknown}


   Skills:
 - Level 3.0 Fighting
 + Level 2.3 Maces & Flails
 + Level 1.0 Throwing
 - Level 1.7 Dodging
 - Level 2.1 Stealth
 - Level 1.3 Unarmed Combat
 - Level 1.7 Spellcasting
 - Level 3.6 Summonings


You had 6 spell levels left.
You knew the following spells:

 Your Spells              Type           Power      Damage    Failure   Level
a - Summon Small Mammal   Summ           48%        N/A       83%         1

Your spell library contained the following spells:

 Spells                   Type           Power      Damage    Failure   Level
 Call Imp                 Summ           12%        N/A       92%         2
 Call Canine Familiar     Summ           12%        N/A       99%         3
 Apportation              Tloc           2%         N/A       100%        1
 Foxfire                  Conj/Fire      4%         2x1d4     100%        1
 Necrotise                Necr           4%         1d4       100%        1
 Conjure Flame            Conj/Fire      1%         6-21      100%        3
 Inner Flame              Hex/Fire       1%         N/A       100%        3
 Portal Projectile        Hex/Tloc       2%         N/A       100%        3
 Summon Guardian Golem    Hex/Summ       7%         N/A       100%        3
 Vampiric Draining        Necr           1%         2d6       100%        3
 Flame Wave               Conj/Fire      1%         2d4       100%        4
 Leda's Liquefaction      Hex/Erth       0%         N/A       100%        4
 Summon Lightning Spire   Summ/Air       7%         N/A       100%        4
 Agony                    Necr           1%         N/A       100%        5


Dungeon Overview and Level Annotations

Branches:
Dungeon (4/15)
 Temple: D:4-7

Altars:


Innate Abilities, Weirdness & Mutations

You are immune to poison.
You have sharp fingernails.
Your flesh is cold resistant. (rC+)
You are immune to negative energy. (rN+++)
You do not regenerate when monsters are visible.
You are immune to unholy pain and torment.
You thrive by killing the living.


Message History

Found a stone staircase leading down.
There is a stone staircase leading down here.
A gnoll comes into view. It is wielding a +0 halberd.
The gnoll shouts!
You hear a shout! x2
A gnoll is nearby!
A gnoll comes into view. It is wielding a +0 club.
The gnoll hits you but does no damage.
You closely miss the gnoll. The gnoll hits you with a +0 halberd!
You closely miss the gnoll. The gnoll completely misses you.
You hit the gnoll but do no damage. The gnoll hits you with a +0 halberd.
You hit the gnoll.
The gnoll is moderately wounded.
The gnoll hits you but does no damage.
You hit the gnoll.
The gnoll is heavily wounded.
You hit the gnoll. Lightning courses through the gnoll!!
You kill the gnoll!
You feel better.
The gnoll hits you from afar with a +0 halberd.
Your Throwing skill increases to level 1!
You have reached level 5!
You feel stronger. The gnoll hits you with a +0 halberd!
* * * LOW HITPOINT WARNING * * *
You see here a +0 club.
You hit the gnoll but do no damage.
The gnoll is heavily wounded.
The gnoll hits you with a +0 halberd!
* * * LOW HITPOINT WARNING * * *
Okay, then.
Okay, then.
You aren't carrying any items that you can evoke.
Unknown command.
You closely miss the gnoll.
The gnoll is heavily wounded.
The gnoll hits you but does no damage.
You hit the gnoll.
The gnoll is severely wounded.
The gnoll hits you with a +0 halberd.
You die...

### ..# #.##.#
#g##.# #@##.#
#.##.######### ..#
#####.##.#........
#.#
#................
#.# #.###.#......#
#.# #.# #........#
#.# #.# ###.###..#
#.# #.# #.# #..#
#.###.#####.#
#..#####.#


You could see a gnoll.

Vanquished Creatures
  A gnoll (D:4)
  4 adders
  2 worms
  A dart slug (D:2)
  5 orcs (D:3)
  4 ball pythons (D:1)
  5 endoplasms
  2 giant cockroaches (D:3)
  3 hobgoblins (D:1)
  3 jackals (D:3)
  4 quokkas
  4 bats
  6 frilled lizards
  9 goblins
  5 kobolds
  6 rats
64 creatures vanquished.

Notes
Turn   | Place    | Note
-------+----------+-------------------------------------------
     0 | D:1      | SnakkuSnakku7 the Ghoul Summoner began the quest for the
                  | Orb.
     0 | D:1      | Reached XP level 1. HP: 14/14 MP: 2/2
   355 | D:1      | Reached skill level 1 in Fighting
   355 | D:1      | Reached skill level 1 in Unarmed Combat
   363 | D:1      | Reached XP level 2. HP: 8/23 MP: 3/3
   693 | D:1      | Found a faded altar of an unknown god.
   708 | D:1      | Reached XP level 3. HP: 29/29 MP: 4/4
  1021 | D:2      | Reached skill level 1 in Maces & Flails
  1407 | D:2      | Reached XP level 4. HP: 23/37 MP: 5/5
  2590 | D:4      | Reached skill level 1 in Throwing
  2590 | D:4      | Reached XP level 5. HP: 24/45 MP: 6/6
  2593 | D:4      | Slain by a gnoll

Illustrated notes

Levels and vault maps discovered:
D:1:      dreamdust_arrival_sigmund_warning, layout_loops_ring,
          shapermc_ecumenical_altar_mp_ritualfount
D:2:      layout_rooms, minmay_misc_feat_five
D:3:      layout_rooms, minmay_misc_feat_pillars, minmay_pentomino_pile
D:4:      layout_loops_ring

Skill      XL: |  1  2  3  4 |
---------------+-------------+-----
Fighting       | 1 2 3 |  3.0
Unarmed Combat | 1 |  1.3
Maces & Flails | 1 2 |  2.3
Throwing       | 1 |  1.0
Dodging        | |  1.7
Stealth        | |  2.1
Spellcasting   | |  1.7
Summonings     | |  3.6

Action                   |  1- 3 |  4- 6 || total
-------------------------+-------+-------++-------
Melee: Unarmed           |    48 |       ||    48
       Whip              |    96 |    98 ||   194
       Punch             |     1 |     4 ||     5
 Stab: Sleeping          |     2 |       ||     2
Armor: Robe              |    11 |       ||    11
       Chain mail        |    66 |    77 ||   143
Dodge: Dodged            |    44 |    23 ||    67
